 Dungeon Crawl Stone Soup version 0.25.1-8-g42b30a86e7 (webtiles) character file.

Game seed: 15009336449682095825

340 hawla the Grasshopper (level 6, -4/24 HPs)
             Began as a Felid Conjurer on Dec 17, 2020.
             Was an Initiate of Vehumet.
             Shot with an arrow by a centaur (10 damage)
             ... on level 5 of the Dungeon.
             The game lasted 00:21:50 (7521 turns).

hawla the Grasshopper (Felid Conjurer)              Turns: 7521, Time: 00:21:51

Health: -4/24      AC:  2    Str:  5    XL:     6   Next: 30%
Magic:  8/13       EV: 20    Int: 17    God:    Vehumet [......]
Gold:   260        SH:  0    Dex: 17    Spells: 6/13 levels left
                                        Lives:  0   Deaths: 2

rFire    . . .     SeeInvis +   (weapon unavailable)
rCold    + + .     Gourm    .   (shield unavailable)
rNeg     . . .     Faith    +   (armour unavailable)
rPois    .         Spirit   .   (helmet unavailable)
rElec    .         Reflect  .   (cloak unavailable)
rCorr    .         Harm     .   (gloves unavailable)
MR       .....                  (boots unavailable)
Stlth    +++.......             f - amulet of faith
HPRegen  0.08/turn              h - ring of protection from cold
MPRegen  0.13/turn              k - ring of protection from cold

@: quick
A: very small, no armour, no weapons or thrown items, stealth, claws 1, fangs 3,
see invisible, carnivore, speed 1, shaggy fur 2, slow metabolism 1, sharp paws
a: Renounce Religion


You were on level 5 of the Dungeon.
You worshipped Vehumet.
Vehumet was noncommittal.
You were full.

You visited 2 branches of the dungeon, and saw 6 of its levels.

You collected 260 gold pieces.

Inventory:

Jewellery
 f - an amulet of faith (around neck)
 h - a ring of protection from cold (left paw)
 k - a ring of protection from cold (right paw)
Wands
 a - a wand of flame (22)
 g - a wand of digging (7)
 l - a wand of iceblast (11)
Scrolls
 d - a scroll of identify
 e - 2 scrolls of remove curse
 j - a scroll of amnesia
Potions
 c - 3 potions of flight
Comestibles
 b - 6 rations


   Skills:
 - Level 4.5 Dodging
 - Level 4.7 Stealth
 + Level 4.1 Spellcasting
 + Level 5.8 Conjurations
 + Level 7.1 Translocations


You had 6 spell levels left.
You knew the following spells:

 Your Spells              Type           Power        Failure   Level  Hunger
a - Magic Dart            Conj           ###.         1%          1    None
b - Searing Ray           Conj           ###...       2%          2    ##.....
c - Iskenderun's Mystic   Conj/Tloc      ####....     11%         4    ####...

Your spell library contained the following spells:

 Spells                   Type           Power        Failure   Level  Hunger
 Gell's Gravitas          Tloc           ####......   2%          3    ###....
 Dazzling Flash           Conj/Hex       ##....       14%         3    ###....
 Fulminant Prism          Conj/Hex       ##........   43%         4    ####...
 Dispersal                Tloc           ####......   77%         6    #######
 Controlled Blink         Tloc           N/A          100%        8    #######
 Disjunction              Tloc           ####......   100%        8    #######
 Portal Projectile        Hex/Tloc       Unusable     N/A         3    N/A

Dungeon Overview and Level Annotations

Branches:
Dungeon (5/15)             Temple (1/1) D:4

Altars:
Ashenzari
Cheibriados
Dithmenos
Elyvilon
Fedhas
Gozag
Hepliaklqana
Kikubaaqudgha
Makhleb
Okawaru
Qazlal
Ru
Sif Muna
Trog
Uskayaw
Vehumet
Wu Jian
Xom
Yredelemnul
Zin
The Shining One

Shops:
D:4 [

Annotations:
D:5 Edmund


Innate Abilities, Weirdness & Mutations

You cannot wear armour.
You are incapable of wielding weapons or throwing items.
Your paws allow you to move quietly. (Stealth)
You have sharp claws.
You have razor-sharp teeth.
You have supernaturally acute eyesight. (SInv)
You are carnivorous and can eat meat at any time.
You cover ground quickly.
You are covered in thick fur. (AC +2)
You have a slow metabolism.
Your sharp claws are effective at attacking unaware monsters.


Message History

Confirm with . or Enter, or press ? or * to list all spells.
The spell is extremely dangerous to cast (11% risk of failure)!
Continue anyway?
You erupt in a blast of force!
The mystic blast misses Edmund.
The centaur shouts!
The centaur shoots an arrow.
The arrow misses you. Edmund misses you.
The centaur shoots an arrow.
The arrow hits you.
* * * LOW HITPOINT WARNING * * *
Okay, then.
Edmund throws a stone.
The stone barely misses you.
The centaur shoots an arrow.
The arrow misses you.
You see here an arrow.
Edmund throws a stone.
The stone misses you.
Edmund throws a stone.
The stone misses you.
Edmund says, "A flail is better than a scythe, any day of the week!"
Edmund throws a stone.
The stone closely misses you.
Edmund throws a stone.
The stone closely misses you.
The centaur shoots an arrow.
The arrow completely misses you.
You see here an arrow.
The centaur shoots an arrow.
The arrow hits you!
You die...

#..........#@(.########
#.............#c.#
..............#.(#
#.............#..#
..............#..#
..............#..#
........#..#
.......#((# #@.# #..#
#..# #..# #..# #..#
#..# #..#


You could see a centaur.

Vanquished Creatures
  Sigmund (D:2)
  Eustachio (D:4)
  A sky beast (D:5)
  A centaur (D:5)
  Crazy Yiuf (D:2)
  A centaur skeleton (D:4)
  2 orc priests
  2 hounds (D:4)
  An orc wizard (D:5)
  An iguana (D:4)
  2 worker ants (D:4)
  3 gnolls (D:2)
  7 adders
  A shadow imp (D:5)
  2 oozes (D:2)
  An adder zombie (D:5)
  4 worms
  2 dart slugs
  3 leopard geckos
  14 orcs
  8 bats
  6 giant cockroaches
  6 goblins
  12 hobgoblins
  11 jackals
  A quokka (D:3)
  2 ball pythons
  8 frilled lizards
  6 kobolds
  A quokka skeleton (D:5)
  8 rats
120 creatures vanquished.

Notes
Turn   | Place    | Note
-------+----------+-------------------------------------------
     0 | D:1      | hawla the Felid Conjurer began the quest for the Orb.
     0 | D:1      | Reached XP level 1. HP: 7/7 MP: 4/4
   389 | D:1      | Reached XP level 2. HP: 11/11 MP: 3/6
   493 | D:1      | Learned a level 2 spell: Searing Ray
  1253 | D:2      | Reached XP level 3. HP: 14/14 MP: 2/7
  1580 | D:2      | Reached XP level 4. HP: 18/18 MP: 4/8
  1978 | D:2      | Found a faded altar of an unknown god.
  2341 | D:2      | Learned a level 4 spell: Iskenderun's Mystic Blast
  2459 | D:2      | Noticed Sigmund
  2464 | D:2      | Killed Sigmund
  2464 | D:2      | Reached skill level 3 in Translocations
  2464 | D:2      | Reached XP level 5. HP: 21/21 MP: 2/9
  2742 | D:2      | Noticed a moth of wrath
  2745 | D:2      | Found a bloodstained altar of Trog.
  2931 | D:2      | Found a runed translucent door.
  2932 | D:2      | Noticed Crazy Yiuf
  2942 | D:2      | Killed Crazy Yiuf
  2942 | D:2      | Gained mutation: You are covered in thick fur. (AC +2)
                  | [Felid growth]
  2942 | D:2      | Reached XP level 6. HP: 24/24 MP: 0/10
  3485 | D:3      | Reached skill level 4 in Translocations
  4602 | D:4      | Reached skill level 5 in Conjurations
  4704 | D:4      | Reached skill level 5 in Translocations
  5008 | D:4      | Found a glowing golden altar of the Shining One.
  5017 | D:4      | Found Inayckio's Armour Boutique.
  5199 | D:4      | Found a staircase to the Ecumenical Temple.
  5208 | D:4      | Noticed Eustachio
  5211 | Temple   | Entered the Ecumenical Temple
  5508 | Temple   | Became a worshipper of Vehumet
  5843 | D:4      | Reached XP level 7. HP: 27/27 MP: 5/12
  5891 | D:5      | Entered Level 5 of the Dungeon
  5891 | D:5      | Noticed Edmund
  6198 | D:4      | Killed Eustachio
  6198 | D:4      | Reached skill level 6 in Translocations
  6612 | D:4      | Found an ornate altar of the Wu Jian Council.
  6706 | D:5      | Slain by a centaur
  6707 | D:5      | Reached XP level 6. HP: -5/24 MP: 6/12
  6725 | D:5      | Found a stormy altar of Qazlal.
  6804 | D:5      | Noticed a sky beast
  6825 | D:5      | Killed a sky beast
  6871 | D:5      | Reached skill level 7 in Translocations
  6871 | D:5      | Reached XP level 7. HP: 12/27 MP: 3/14
  7277 | D:5      | Shot with an arrow by a centaur
  7278 | D:5      | Reached XP level 6. HP: -4/24 MP: 13/13
  7278 | D:5      | Found a hide-covered altar of Uskayaw.
  7521 | D:5      | Shot with an arrow by a centaur

Illustrated notes

Levels and vault maps discovered:
D:1:      psy_arrival_statuary, layout_basic
D:2:      layout_loops_ring, tgw_trog, chequers_ecumenical_altar_simple,
          first_ration, uniq_sigmund, uniq_crazy_yiuf_cottage
D:3:      layout_loops_ring
D:4:      minmay_angry_zag, layout_basic, marbit_many_paths, tso_oasis_becter,
          minmay_temple_entry_grid, serial_shops, nicolae_shop_window_shopping,
          uniq_eustachio
D:5:      layout_cave_pods, nicolae_qazlal_eye_of_the_storm, basic_altar,
          uniq_edmund
Temple:   minmay_temple_bridge_d

Skill      XL: |  1  2  3  4  5  6  7 |
---------------+----------------------+-----
Dodging        | 3 4 |  4.5
Stealth        | 3 4 |  4.7
Conjurations   | 4 5 |  5.8
Translocations | 3 7 6 |  7.1
Spellcasting   | 4 |  4.1

Action                   |  1- 3 |  4- 6 |  7- 9 || total
-------------------------+-------+-------+-------++-------
Melee: Unarmed           |     9 |    80 |     5 ||    94
       Bite              |     1 |    13 |       ||    14
 Cast: Magic Dart        |    53 |   108 |    26 ||   187
       Searing Ray       |     7 |    45 |    17 ||    69
       Iskenderun's Myst |       |     4 |     1 ||     5
  Use: Potion            |       |     5 |     3 ||     8
       Scroll            |       |    11 |       ||    11
  Eat: Chunk             |    10 |    12 |     9 ||    31
Armor: Skin              |       |    13 |     6 ||    19
Dodge: Dodged            |    14 |   151 |    44 ||   209
